 Dungeon Sprint DCSS version 0.27-a0-1139-g28e009f8a6 (webtiles) character file.

Game seed: 2792568575194720150

0 Zeld the Conjurer (level 1, 0/11 HPs)
             Began as an Octopode Conjurer on May 8, 2021.
             Slain by a river rat (8 damage)
             ... in the Dungeon (Sprint IV: "Fedhas' Mad Dash").
             The game lasted 00:00:28 (1107 turns).

Zeld the Conjurer (Octopode Conjurer)               Turns: 1107, Time: 00:00:28

Health: 0/11       AC:  1    Str:  6    XL:     1   Next: 0%
Magic:  3/3        EV: 13    Int: 20    God:
Gold:   0          SH:  0    Dex: 10    Spells: 3/4 levels left

rFire    . . .     SeeInvis .   (no weapon)
rCold    . . .     Faith    .   (no shield)
rNeg     . . .     Spirit   .   (helmet restricted)
rPois    .         Reflect  .   (no amulet)
rElec    .         Harm     .   (no ring)
rCorr    .         Rampage  .   (no ring)
Will     .....     NoTele   +   (no ring)
Stlth    +++.......             (no ring)
HPRegen  0.03/turn              (no ring)
MPRegen  0.08/turn              (no ring)
                                (no ring)
                                (no ring)

@: no status effects
A: almost no armour, amphibious, 8 rings, camouflage 1, gelatinous body 1,
(nimble swimmer 1), tentacles
a: no special abilities


You were in the Dungeon.
You visited 1 branch

Inventory:

Scrolls
 g - a scroll of blinking
Potions
 b - a potion of curing
 c - a potion of heal wounds
 d - a potion of haste
 e - 2 potions of magic
 f - a potion of berserk rage


   Skills:
 + Level 0.0 Fighting
 + Level 2.0 Dodging
 - Level 2.6 Stealth
 + Level 2.0 Spellcasting
 * Level 4.0 Conjurations


You had 3 spell levels left.
You knew the following spells:

 Your Spells              Type           Power      Damage    Failure   Level
a - Magic Dart            Conj           72%        1d6       3%          1

Your spell library contained the following spells:

 Spells                   Type           Power      Damage    Failure   Level
 Searing Ray              Conj           36%        3d4       4%          2
 Dazzling Flash           Conj/Hex       20%        N/A       21%         3
 Fulminant Prism          Conj/Hex       5%         3d7       56%         4
 Iskenderun's Mystic Bla  Conj/Tloc      10%        2d4       56%         4


Dungeon Overview and Level Annotations

Branches:
Dungeon (1/1)

Altars:


Innate Abilities, Weirdness & Mutations

You cannot wear most types of armour.
You are amphibious.
You can wear up to eight rings at the same time.
Your skin changes colour to match your surroundings (Stealth+).
Your rubbery body absorbs attacks. (AC +1, EV +1)
((You are camouflaged near water. (Stealth+)))
You have tentacles for arms and can constrict up to eight enemies at once.


Message History

You start waiting.
Done waiting.
You start waiting.
Done waiting.
You open the door.
The magic dart hits the river rat but does no damage.
The magic dart hits the river rat.
The river rat is heavily wounded.
The magic dart hits the river rat.
The river rat is severely wounded.
You close the door.
You start resting.
Magic restored.
You start waiting.
Done waiting.
You start waiting.
Done waiting.
You open the door.
As you close the door, it creaks loudly!
You start waiting.
Done waiting.
You start waiting.
Done waiting.
You open the door.
You tentacle-slap the rat but do no damage.
You grab the rat. You constrict the rat.
The rat escapes!
The rat bites you. The river rat misses you. The rat barely misses you.
You tentacle-slap the rat but do no damage.
You grab the rat.
The rat is moderately wounded.
You constrict the rat, but do no damage.
The rat bites you.
You tentacle-slap the rat but do no damage.
The rat is moderately wounded.
You constrict the rat, but do no damage.
The river rat bites you!
Ouch! That really hurt!
You die...

###### #####
#<...#.....#
#rPr.'.!...+
#P@P.#.....#
###### #####


You could see a river rat and a rat.

Vanquished Creatures (others)
  4 fungi (D)
4 creatures vanquished.

Notes
Turn   | Place    | Note
-------+----------+-------------------------------------------
     0 | D        | Zeld the Octopode Conjurer began the quest for the Orb.
     0 | D        | Reached XP level 1. HP: 11/11 MP: 3/3
  1107 | D        | Slain by a river rat

Illustrated notes

Levels and vault maps discovered:
D:        dungeon_sprint_fedhas [sprint_temple]

Action                   || total
-------------------------++-------
Melee: Unarmed           ||     9
       Constrict         ||     6
       Tentacles         ||     1
 Cast: Magic Dart        ||     6
Dodge: Dodged            ||     2

Table legend: (Time is in decaauts)
 A = Elapsed time spent in this place.
 B = Non-inter-level travel time spent in this place.
 C = Inter-level travel time spent in this place.
 D = Time resting spent in this place.
 E = Time spent auto-exploring this place.
 F = Levels seen in this place.
 G = Mean time per level.
                   A        B        C        D        E       F      G
               +--------+--------+--------+--------+--------+-----+--------+
         Total |   1107 |   1107 |      0 |   1069 |      0 |   1 | 1107.0 |
       Dungeon |   1107 |   1107 |      0 |   1069 |      0 |   1 | 1107.0 |
               +--------+--------+--------+--------+--------+-----+--------+

Top non-repeatable levels by time:
       D: 1107 daAuts
